AoeStats
← Dragon

Arena

508117772Analyzed
3v3 RM · 11d ago on Sep 21, 2026· 41m 12s· 6 players
Game mode
Random Map
Map size
Normal (6 player)
Population
200
Speed
Normal
Resources
Standard
Victory
Conquest
Starting age
Dark Age
Ending age
Imperial Age
RankedLock teamsTeams togetherTeam positionsShared explorationLock speedFull tech treeHidden civsTurbo modeCheats
Victory
Defeat
🇨🇴 Muisca · Colombia
1445
+13
🇨🇴 Poles · Colombia
1410
+14
🇵🇪 Burgundians · Peru
1404
+14
🇲🇽 Mongols · Mexico
1428
-16
🇲🇽 Spanish · Mexico
1384
-14
🇩🇪 Turks · Germany
1305
-11
victorH
12:03 Feudal Age
15:45 Castle Age
14:10 Double-Bit Axe
14:58 Horse Collar
27:41 Wheelbarrow
34:32 Imperial Age
33:23 Scale Barding Armor
35:11 Bloodlines
34:22 Light Cavalry
35:41 Chain Barding Armor
35:54 Husbandry
36:58 Plate Barding Armor
36:28 Hussar
37:53 Forging
39:56 Iron Casting
Dragon
5:00 Loom
9:44 Feudal Age
23:45 Castle Age
23:03 Double-Bit Axe
30:14 Imperial Age
29:30 Gold Mining
34:23 Heavy Camel Rider
34:53 Horse Collar
36:27 Bloodlines
El cochi
9:19 Feudal Age
13:15 Castle Age
13:58 Loom
14:36 Double-Bit Axe
14:32 Horse Collar
32:18 Imperial Age
33:23 Conscription
35:09 Heavy Scorpion
37:56 Pikeman
39:01 Siege Engineers
39:57 Forging
39:53 Scale Barding Armor
39:50 Scale Mail Armor
Carmelo maradona
6:31 Loom
8:48 Feudal Age
13:32 Double-Bit Axe
21:11 Castle Age
22:26 Wheelbarrow
26:06 Hand Cart
25:35 Horse Collar
30:03 Imperial Age
28:22 Scale Barding Armor
29:24 Chain Barding Armor
29:39 Bow Saw
29:14 Light Cavalry
30:58 Forging
31:43 Bloodlines
32:26 Iron Casting
35:00 Winged Hussar
37:29 Conscription
37:12 Husbandry
38:14 Blast Furnace
39:49 Town Watch
41:50 Lechitic Legacy
JAGR | BkB
3:45 Double-Bit Axe
6:21 Horse Collar
10:05 Feudal Age
11:39 Loom
14:56 Castle Age
13:57 Bow Saw
13:57 Heavy Plow
16:16 Wheelbarrow
15:51 Gold Mining
16:57 Scale Barding Armor
18:53 Husbandry
19:46 Chain Barding Armor
20:56 Cavalier
23:01 Town Watch
23:37 Forging
25:49 Gold Shaft Mining
35:40 Imperial Age
35:30 Stone Mining
36:17 Iron Casting
36:59 Hand Cart
38:55 Plate Barding Armor
38:12 Paladin
40:16 Blast Furnace
40:11 Conscription
40:22 Scale Mail Armor
40:22 Padded Archer Armor
JAGR | DesNoguns
10:21 Feudal Age
14:41 Castle Age
13:04 Double-Bit Axe
13:25 Horse Collar
15:43 Bow Saw
25:03 Fletching
26:56 Bodkin Arrow
27:49 Loom
30:50 Town Watch
31:12 Padded Archer Armor
35:01 Imperial Age
33:50 Wheelbarrow
33:22 Gold Mining
33:22 Stone Mining
34:50 Leather Archer Armor
35:24 Ballistics
35:45 Bracer
37:44 Chemistry
37:12 Conscription
37:42 Elite Guecha Warrior
38:51 Scale Mail Armor
39:03 Forging
40:29 Chain Mail Armor
Connection lost

Rejoining the realm…

Still unreachable

The connection could not be restored.

Session expired

The server has moved on; the page needs a fresh start.